 Dungeon Crawl Stone Soup version 0.31.0-32-g396128a36d (webtiles) character file.

Game seed: 1859724425659915410

21 spaghetti the Caller (level 2, 0/22 HPs)
             Began as a Naga Summoner on Apr 2, 2024.
             Slain by a quokka (4 damage)
             ... on level 1 of the Dungeon.
             The game lasted 00:01:29 (514 turns).

spaghetti the Caller (Naga Summoner)                 Turns: 514, Time: 00:01:29

Health: 0/22       AC:  1    Str: 10    XL:     2   Next: 87%
Magic:  3/5        EV:  9    Int: 15    God:
Gold:   15         SH:  0    Dex: 11    Spells: 2/5 levels left

rFire   . . .        (no weapon)
rCold   . . .        (no shield)
rNeg    . . .        a - +0 robe
rPois   +            (no helmet)
rElec   .            (no cloak)
rCorr   .            (no gloves)
SInv    +            (no barding)
Will    .....        (no amulet)
Stlth   ++           (no ring)
HPRegen 0.23/turn    (no ring)
MPRegen 0.09/turn

%: no passive effects
@: very slow
A: AC +0, large, see invisible, deformed body, poison resistance, slowness 2,
spit poison 1, naga tail 1
a: Spit Poison


You were on level 1 of the Dungeon.
You visited 1 branch of the dungeon, and saw 1 of its levels.

You collected 15 gold pieces.

Inventory:

Armour
 a - a +0 robe (worn)
Potions
 b - a potion of magic
 d - 2 potions of lignification


   Skills:
 - Level 1.5 Dodging
 - Level 3.0 Stealth
 - Level 2.0 Spellcasting
 + Level 4.8 Summonings


You had 2 spell levels left.
You knew the following spells:

 Your Spells              Type           Power      Damage    Failure   Level
a - Summon Small Mammal   Summ           64%        N/A       3%          1
b - Call Imp              Summ           32%        N/A       4%          2

Your spell library contained the following spells:

 Spells                   Type           Power      Damage    Failure   Level
 Apportation              Tloc           2%         N/A       22%         1
 Blink                    Tloc           2%         N/A       32%         2
 Ensorcelled Hibernation  Hex/Ice        2%         N/A       32%         2
 Call Canine Familiar     Summ           16%        N/A       9%          3
 Summon Blazeheart Golem  Fire/Summ      8%         N/A       63%         4
 Summon Lightning Spire   Summ/Air       8%         N/A       63%         4
 Enfeeble                 Hex            0%         N/A       100%        7
 Disjunction              Tloc           0%         N/A       100%        8


Dungeon Overview and Level Annotations

Branches:
Dungeon (1/15)

Altars:


Innate Abilities, Weirdness & Mutations

Your serpentine skin is tough. (AC +0)
You have supernaturally acute eyesight. (SInv)
Armour fits poorly on your strangely shaped body.
Your system is resistant to poisons. (rPois)
You cover ground very slowly.
You can spit poison.
You have a snake-like lower body.


Message History

The kobold dies!
Your cerulean imp hits the hobgoblin with a -3 spear.
The hobgoblin closely misses your cerulean imp.
Your cerulean imp barely misses the hobgoblin.
The hobgoblin barely misses your cerulean imp.
Your cerulean imp barely misses the hobgoblin.
The hobgoblin barely misses your cerulean imp.
Your cerulean imp hits the hobgoblin but does no damage.
The hobgoblin hits your cerulean imp.
Your cerulean imp hits the hobgoblin with a -3 spear.
The hobgoblin barely misses your cerulean imp.
Your cerulean imp hits the hobgoblin with a -3 spear.
The hobgoblin dies!
A kobold comes into view. It is wielding a +0 spear.
The quokka bites you. The quokka bites you.
You are too injured to fight recklessly!
You are too injured to fight recklessly!
You are too injured to fight recklessly!
You are too injured to fight recklessly!
You are too injured to fight recklessly!
You are too injured to fight recklessly!
You are too injured to fight recklessly!
You are too injured to fight recklessly!
You are too injured to fight recklessly!
Aiming: Spit Poison (2% risk of failure)
Press: ? - help, Shift-Dir - straight line, f - quokka
Aim: a quokka (ally target, 45% to hit)
The splash of poison misses the quokka.
The quokka bites you.
Unknown command.
You hit the quokka but do no damage. The quokka completely misses you.
The quokka bites you.
The kobold hits your cerulean imp but does no damage.
You hit the quokka but do no damage. The quokka bites you.
* * * LOW HITPOINT WARNING * * *
The kobold completely misses your cerulean imp.
You barely miss the quokka.
You have got your breath back.
The quokka bites you.
You die...

##. #.. ... #.# ...#
.# #.# ...#
...####.##.....
...#.....#..... ♣
#.............= .#
#..#.....♣♣♣♣♣♣♣♣♣.#
##.......)..K5rr@r.#
####.....♣♣♣♣♣♣♣♣♣##
.# #........# .#
#........#
.##....##.#...#
.##.##.##.###.#.
..........# ...
......##..##....
......##........#


You could see a quokka (ally target), a kobold, a friendly cerulean imp
(summoned) and 2 friendly rats.

Vanquished Creatures
  An endoplasm (D:1)
  A giant cockroach (D:1)
  A goblin (D:1)
  A hobgoblin (D:1)
  A jackal (D:1)
  A ball python (D:1)
  A rat (D:1)
7 creatures vanquished.

Vanquished Creatures (collateral kills)
  2 dart slugs (D:1)
  A hobgoblin (D:1)
  A jackal (D:1)
  A quokka (D:1)
  3 ball pythons (D:1)
  A bat (D:1)
  A kobold (D:1)
10 creatures vanquished.

Grand Total: 17 creatures vanquished

Notes
Turn   | Place    | Note
-------+----------+-------------------------------------------
     0 | D:1      | spaghetti the Naga Summoner began the quest for the Orb.
     0 | D:1      | Reached XP level 1. HP: 15/15 MP: 3/3
    61 | D:1      | Reached XP level 2. HP: 8/22 MP: 1/5
   183 | D:1      | Got the Cyclopedia of the Weird Voyage
   191 | D:1      | Learned a level 2 spell: Call Imp
   514 | D:1      | Slain by a quokka

Illustrated notes

Levels and vault maps discovered:
D:1:      wander_arrival_chamber, layout_rooms, serial_forest,
          infiniplex_forest_lined_room_, infiniplex_forest_straight_4,
          infiniplex_forest_straight_3, infiniplex_forest_clump_large,
          infiniplex_forest_lined_3_way, infiniplex_forest_lined_room_2,
          infiniplex_forest_pool, infiniplex_forest_split,
          amcnicky_mini_rare_corridor_liquid, serial_bayou_crossing

Action                     || total
---------------------------++-------
  Melee: Unarmed           ||    50
   Cast: Summon Small Mamm ||    13
         Call Imp          ||     5
Ability: Spit Poison       ||     5
    Use: Scroll            ||     2
         Potion            ||     1
   Stab: Sleeping          ||     1
 Armour: Robe              ||    49
  Dodge: Dodged            ||    30
